 Dungeon Crawl Stone Soup version 0.27.1-34-g3ba077fa99 (webtiles) character file.

Game seed: 11807086045353630584

2136574 Sharkman1231 the Slayer (level 27, 312/318 HPs)
             Began as a Demonspawn Ice Elementalist on Jan 16, 2022.
             Was a High Priest of Ashenzari.
             Escaped with the Orb
             ... and 4 runes!
             The game lasted 02:15:51 (85787 turns).

Sharkman1231 the Slayer (DsIE)                     Turns: 85787, Time: 02:15:52

Health: 312/318    AC: 35    Str: 19    XL:     27
Magic:  37/39      EV: 30    Int: 24    God:    Ashenzari [*****.]
Gold:   1619       SH: 16    Dex: 23    Spells: 19/51 levels left

rFire    + + +     SeeInvis +   Q - +9 demon trident of the Fated Loss {elec, Self, Fort} (curse)
rCold    + . .     Faith    .   B - +1 kite shield "Chained Prison" {rF+, Fort, Cun} (curse)
rNeg     + . .     Spirit   +   h - +8 fire dragon scales of Supernal Wisdom {rF++ rC-, Alch, Cun} (curse)
rPois    .         Reflect  .   K - +2 helmet "Mantic Vexation" {Alch, Melee} (curse)
rElec    +         Harm     .   i - +2 cloak "Pangnostic Repose" {Alch, Self} (curse)
rCorr    .         Rampage  .   g - +4 pair of gloves of Star-Bound Wisdom {rElec rC+ Int+3, Bglg, Fort} (curse)
Will     ++++.     Clarity  +   (boots unavailable) Stlth +++.......Rnd*Tele +
                                V - amulet "Cryptic Oracle" {Spirit, Melee, Fort} (curse)
HPRegen  0.63/turn              z - ring of the Sidereal Suspicion {rC+ rN+ Str+6 SInv, Fort, Self} (curse)
MPRegen  0.26/turn              w - ring of the Mage {Wiz Will++ Int+3}

@: flying, studying 2 skills
A: talons 3, ignite blood 3, powered by pain 3, robust 3, sturdy frame 3,
deformed body, strong 1, teleportitis 1, wild magic 1, inability to read while
threatened, MP-powered wands
0: Orb of Zot
}: 4/15 runes: serpentine, barnacled, silver, abyssal
a: Renounce Religion, Curse Item, Shatter the Chains


You escaped.
You worshipped Ashenzari.
Ashenzari was extremely pleased with you.
You visited 10 branches of the dungeon, and saw 50 of its levels.
You visited the Abyss 2 times.
You visited 1 bazaar.
You also visited: Bailey and Ice Cave.

You collected 11040 gold pieces.
You spent 9421 gold pieces at shops.

Inventory:

Hand Weapons
 Q - the cursed +9 demon trident of the Fated Loss (weapon) {elec, Self, Fort}
   (You took it off Urug on level 11 of the Dungeon)

   It occasionally discharges a powerful burst of electricity upon striking a
   foe.
   It has a curse which improves the following skills: Introspection: Fighting
   and Spellcasting.
   Fortitude: Armour and Shields.
 T - a +3 demon whip of electrocution
Missiles
 b - 14 throwing nets
Armour
 g - the cursed +4 pair of gloves of Star-Bound Wisdom (worn) {rElec rC+ Int+3, Bglg, Fort}
   (You found it on level 1 of the Abyss)

   Int:       It affects your intelligence (+3).
   rC:        It protects you from cold.
   rElec:     It insulates you from electricity.
   It has a curse which improves the following skills: Beguiling: Conjurations,
   Hexes and Translocations.
   Fortitude: Armour and Shields.
 h - the cursed +8 fire dragon scales of Supernal Wisdom (worn) {rF++ rC-, Alch, Cun}
   (You found it on level 1 of the Depths)

   rF:        It greatly protects you from fire.
   rC:        It makes you vulnerable to cold.
   It has a curse which improves the following skills: Alchemy: Poison Magic and
   Transmutations.
   Cunning:   Dodging and Stealth.
 i - the cursed +2 cloak "Pangnostic Repose" (worn) {Alch, Self}
   (You found it on level 11 of the Dungeon)

   It has a curse which improves the following skills: Alchemy: Poison Magic and
   Transmutations.
   Introspection: Fighting and Spellcasting.
 B - the cursed +1 kite shield "Chained Prison" (worn) {rF+, Fort, Cun}
   (You took it off a vault guard on level 1 of the Vaults)

   It has a curse which improves the following skills: Fortitude: Armour and
   Shields.
   Cunning:   Dodging and Stealth.
 K - the cursed +2 helmet "Mantic Vexation" (worn) {Alch, Melee}
   (You found it on level 4 of the Lair of Beasts)

   It has a curse which improves the following skills: Alchemy: Poison Magic and
   Transmutations.
   Melee Combat: Short Blades, Long Blades, Axes, Maces & Flails, Polearms,
   Staves and Unarmed Combat.
Jewellery
 l - a ring of protection from fire
 r - a ring of flight
 w - the ring of the Mage (right hand) {Wiz Will++ Int+3}
   (You took it off a deep elf sorcerer on level 3 of the Elven Halls)

   [ring of wizardry]

   It improves your spell success rate.
   Int:       It affects your intelligence (+3).
   Will:      It greatly increases your willpower.
 z - the cursed ring of the Sidereal Suspicion (left hand) {rC+ rN+ Str+6 SInv, Fort, Self}
   (You acquired it on level 2 of the Dungeon)

   [ring of strength]

   Str:       It affects your strength (+6).
   rC:        It protects you from cold.
   rN:        It protects you from negative energy.
   SInv:      It lets you see invisible.
   It has a curse which improves the following skills: Fortitude: Armour and
   Shields.
   Introspection: Fighting and Spellcasting.
 F - the ring "Nyzxe" {Wiz rPois Dex+9 Stlth-}
   (You found it on level 10 of the Dungeon)

   [ring of wizardry]

   It improves your spell success rate.
   Dex:       It affects your dexterity (+9).
   rPois:     It protects you from poison.
   Stlth:     It makes you less stealthy.
 U - the ring of Fun {rElec rN+ Str+3 Stlth+}
   (You took it off an orc on level 14 of the Dungeon)

   [ring of positive energy]

   Str:       It affects your strength (+3).
   rElec:     It insulates you from electricity.
   rN:        It protects you from negative energy.
   Stlth:     It makes you more stealthy.
 V - the cursed amulet "Cryptic Oracle" (around neck) {Spirit, Melee, Fort}
   (You found it on level 15 of the Dungeon)

   [amulet of guardian spirit]

   It causes incoming damage to be divided between your reserves of health and
   magic.
   It has a curse which improves the following skills: Melee Combat: Short
   Blades, Long Blades, Axes, Maces & Flails, Polearms, Staves and Unarmed
   Combat.
   Fortitude: Armour and Shields.
 W - the ring "Renu" {Will+ rCorr Stlth+}
   (You found it on level 15 of the Dungeon)

   [ring of resist corrosion]

   rCorr:     It protects you from acid and corrosion.
   Will:      It increases your willpower.
   Stlth:     It makes you more stealthy.
Wands
 a - a wand of charming (1)
 d - a wand of acid (50)
 f - a wand of flame (82)
 D - a wand of polymorph (13)
 G - a wand of mindburst (26)
 N - a wand of digging (11)
 O - a wand of iceblast (75)
 R - a wand of paralysis (55)
Scrolls
 c - 14 scrolls of fear
 e - 2 scrolls of summoning
 j - 9 scrolls of magic mapping
 n - 10 scrolls of vulnerability
 s - 15 scrolls of teleportation
 t - 8 scrolls of immolation
 y - 5 scrolls of fog
 P - 3 scrolls of enchant armour
 X - 2 scrolls of blinking
 Y - 5 scrolls of silence
Potions
 k - 6 potions of flight
 m - 2 potions of ambrosia
 o - 5 potions of haste
 p - 16 potions of curing
 q - 7 potions of heal wounds
 v - 6 potions of magic
 A - 9 potions of brilliance
 E - 2 potions of invisibility
 H - 3 potions of lignification
 I - 7 potions of resistance
 J - a potion of cancellation
 M - 5 potions of berserk rage
 S - 4 potions of might
Miscellaneous
 x - a box of beasts
 C - a phial of floods
 L - a phantom mirror


   Skills:
 - Level 22.3(26.2) Fighting
 - Level 17.1(20.4) Polearms
 + Level 19.4(25.5) Armour
 - Level 18.8(22.0) Dodging
 - Level 21.9(24.8) Stealth
 - Level 9.5(16.4) Shields
 - Level 7.7(12.8) Spellcasting
 - Level 8.4(11.0) Conjurations
 - Level 11.0(13.4) Hexes
 - Level 7.2 Necromancy
 - Level 7.0(9.7) Translocations
 - Level 11.1 Ice Magic
 - Level 10.2 Air Magic
 - Level 6.0 Earth Magic
 - Level 8.2 Evocations


You had 19 spell levels left.
You knew the following spells:

 Your Spells              Type           Power      Damage    Failure   Level
a - Passage of Golubria   Tloc           N/A        N/A       1%          4
b - Frozen Ramparts       Ice            100%       1d12      1%          3
c - Ozocubu's Armour      Ice            73%        N/A       1%          3
d - Freezing Cloud        Conj/Ice/Air   36%        6-21      1%          5
e - Hailstorm             Conj/Ice       73%        3d15      1%          4
f - Borgnjor's Vile Clut  Necr/Erth      28%        N/A       5%          5
g - Silence               Hex/Air        38%        N/A       1%          5
h - Apportation           Tloc           100%       N/A       1%          1
i - Passwall              Tmut/Erth      34%        N/A       1%          2

Your spell library contained the following spells:

 Spells                   Type           Power      Damage    Failure   Level
 Animate Skeleton         Necr           100%       N/A       1%          1
 Corona                   Hex            90%        N/A       1%          1
 Foxfire                  Conj/Fire      100%       2x1d9     1%          1
 Freeze                   Ice            100%       1d11      1%          1
 Magic Dart               Conj           100%       1d8       1%          1
 Pain                     Necr           100%       1d9       1%          1
 Sandblast                Erth           100%       2d20      1%          1
 Corpse Rot               Necr/Air       N/A        N/A       1%          2
 Ensorcelled Hibernation  Hex/Ice        100%       N/A       1%          2
 Searing Ray              Conj           100%       3d7       1%          2
 Slow                     Hex            81%        N/A       1%          2
 Sublimation of Blood     Necr           30%        N/A       1%          2
 Confusing Touch          Hex            81%        N/A       1%          3
 Conjure Flame            Conj/Fire      53%        6-21      1%          3
 Dazzling Flash           Conj/Hex       100%       N/A       1%          3
 Gell's Gravitas          Tloc           34%        N/A       1%          3
 Inner Flame              Hex/Fire       58%        N/A       1%          3
 Mephitic Cloud           Conj/Pois/Air  60%        N/A       1%          3
 Portal Projectile        Hex/Tloc       100%       N/A       1%          3
 Stone Arrow              Conj/Erth      100%       3d13      1%          3
 Swiftness                Air            71%        N/A       1%          3
 Teleport Other           Tloc           69%        N/A       1%          3
 Tukima's Dance           Hex            81%        N/A       1%          3
 Vampiric Draining        Necr           30%        2d10      1%          3
 Animate Dead             Necr           30%        N/A       1%          4
 Cause Fear               Hex            40%        N/A       1%          4
 Dispel Undead            Necr           60%        3d21      1%          4
 Fulminant Prism          Conj/Hex       38%        3d18      1%          4
 Iskenderun's Mystic Bla  Conj/Tloc      71%        2d14      1%          4
 Leda's Liquefaction      Hex/Erth       34%        N/A       1%          4
 Manifold Assault         Tloc           69%        N/A       1%          5
 Metabolic Englaciation   Hex/Ice        38%        N/A       1%          5
 Invisibility             Hex            40%        N/A       1%          6
 Beastly Appendage        Tmut           50%        N/A       2%          1
 Sting                    Tmut/Pois      100%       1d8       2%          1
 Ice Form                 Ice/Tmut       55%        N/A       2%          4
 Summon Ice Beast         Ice/Summ       53%        N/A       2%          4
 Wereblood                Tmut           25%        N/A       3%          2
 Sticky Flame             Conj/Fire      53%        2d7       3%          4
 Call Imp                 Summ           20%        N/A       4%          2
 Excruciating Wounds      Necr           30%        N/A       4%          5
 Summon Mana Viper        Hex/Summ       58%        N/A       4%          5
 Yara's Violent Unravell  Hex/Tmut       29%        3d12      4%          5
 Ignite Poison            Fire/Tmut/Pois 23%        N/A       6%          3
 Spider Form              Tmut/Pois      12%        N/A       6%          3
 Petrify                  Tmut/Erth      41%        N/A       6%          4
 Irradiate                Conj/Tmut      27%        3d22      6%          5
 Lee's Rapid Deconstruct  Erth           27%        3d16*     6%          5
 Bolt of Magma            Conj/Fire/Erth 26%        4d12      7%          5
 Dispersal                Tloc           34%        N/A       7%          6
 Animate Armour           Summ/Erth      76%        N/A       8%          4
 Summon Forest            Summ/Tloc      25%        N/A       9%          5
 Simulacrum               Ice/Necr       33%        N/A       9%          6
 Olgreb's Toxic Radiance  Pois           25%        N/A       16%         4
 Death Channel            Necr           30%        N/A       19%         6
 Ozocubu's Refrigeration  Ice            36%        4d12      21%         7
 Starburst                Conj/Fire      26%        6d8       32%         6
 Alistair's Intoxication  Tmut/Pois      16%        N/A       38%         5
 Blade Hands              Tmut           12%        N/A       38%         5
 Statue Form              Tmut/Erth      27%        N/A       58%         6
 Eringya's Noxious Bog    Tmut/Pois      12%        N/A       89%         6
 Disjunction              Tloc           34%        N/A       91%         8
 Shadow Creatures         Summ           N/A        N/A       95%         6
 Haunt                    Necr/Summ      21%        N/A       98%         7
 Lehudib's Crystal Spear  Conj/Erth      32%        10d8      98%         8
 Dragon Form              Tmut           12%        N/A       100%        7
 Monstrous Menagerie      Summ           10%        N/A       100%        7
 Summon Hydra             Summ           10%        N/A       100%        7
 Ignition                 Fire           10%        3d5       100%        8
 Summon Horrible Things   Summ           10%        N/A       100%        8
 Dragon's Call            Summ           10%        N/A       100%        9
 Polar Vortex             Ice            36%        N/A       100%        9


Dungeon Overview and Level Annotations

Branches:
Dungeon (15/15)            Temple (1/1) D:5            Lair (6/6) D:9
 Shoals (4/4) Lair:2        Snake (4/4) Lair:4        Slime (0/5) Lair:5
    Orc (2/2) D:9             Elf (3/3) Orc:2        Vaults (5/5) D:14
  Crypt (0/3) Vaults:2     Depths (5/5) D:15            Zot (5/5) Depths:5
 Bailey (visited)           IceCv (visited)

Altars:
Ashenzari
Cheibriados
Dithmenos
Elyvilon
Fedhas
Gozag
Hepliaklqana
Kikubaaqudgha
Makhleb
Nemelex Xobeh
Okawaru
Qazlal
Ru
Sif Muna
Trog
Uskayaw
Vehumet
Wu Jian
Xom
Yredelemnul
Zin
The Shining One
Beogh

Shops:
D:1 !:*   D:4 (   D:14 *   Orc:2 (***   Elf:2 ((=*:   Snake:3 ?**(
Vaults:5 ?!!   Depths:2 [:*(   Depths:4 =::

Portals:
Hell: Depths:1 Depths:2 Depths:3 Depths:4 Depths:5
Abyss: Depths:1 Depths:4
Pandemonium: Depths:3
Ziggurat: Depths:1

Annotations:
D:14 Roxanne
Snake:4 2 transporters, 2bobheroes's ghost, adept TrFi


Innate Abilities, Weirdness & Mutations

You have claws for feet.
Your demonic aura causes all spilled blood to erupt in flames.
You are powered by pain.
You are extremely robust. (+30% HP)
Your movements are significantly less encumbered by armour. (ER -6)
Armour fits poorly on your strangely shaped body.
Your muscles are strong. (Str +2)
You are occasionally teleported next to monsters.
Your spells are a little harder to cast, but a little more powerful.
You sometimes lose the ability to read scrolls when taking damage.
You expend magic power (3 MP) to strengthen your wands.


Message History

There is a stone staircase leading down here.
You see here a +0 mace.
There is a stone staircase leading up here.
You climb upwards.
There is a stone staircase leading down here.
There is an escape hatch in the ceiling here.
A mysterious force pulls you upwards.
The hatch slams shut behind you. 2 cherubim and a seraph come into view.
The seraph is wielding a +7 great sword of flaming.
A cherub is wielding a +4 flail of flaming.
A cherub is wielding a +3 scimitar of flaming.
You can't go up here!
The seraph moves out of view.
There is a stone staircase leading up here.
You climb upwards.
There is a stone staircase leading down here. 3 hell hogs come into view.
You can't go up here!
Aiming: Dig
Press: ? - help, Shift-Dir - straight line, f - you Please select a direction to dig.
This square is covered in magical glow.
You feel a surge of power!
The rock shatters into small pieces.
You feel very buoyant.
You fly up into the air.
The hell hog breathes fire at you.
The fireball explodes!
The fireball engulfs you but does no damage.
You resist.
You hear a roar!
The hell hog breathes fire at you.
The fireball explodes!
The fireball engulfs you. You resist. The hell hog breathes fire at you.
The fireball explodes!
The fireball engulfs you. You resist.
Really quaff the potion of mutation?
You feel extremely strange.
You feel slightly disoriented.
Your body twists and deforms.
You feel stronger.
You lose the ability to read scrolls when threatened.
The hell hog breathes fire at you.
The fireball explodes!
The fireball engulfs you. You resist.
There is a staircase leading out of the dungeon here.
You have escaped!

......##.#######.#####(####
......##.............#.#
......###.#######..#.#.#
......# #.#######..#.#.#
......# #.#≈≈≈≈....#.#.#
⌠.....# #.≈≈≈≈≈....#...#
.....## #.≈≈≈≈≈.(..#####
.....# #.≈≈≈≈≈..).# .....#
#h≈≈..§.@..# .....#
#.≈≈≈......# .....#
##h≈≈≈......#
.....####.≈≈≈...≈..#
.....####.#≈≈≈≈≈≈≈##
...h.####.h≈≈≈≈≈≈≈#
....h.....#########
.........######
.....∩...#####


You could see 3 hell hogs.

Vanquished Creatures
  6 dread liches
  Mara (Shoals:3)
  3 ancient liches
  4 orbs of fire
  4 juggernauts (Depths:4)
  9 Killer Klowns (Zot:5)
  Frederick (Depths:4)
  3 curse toes
  Saint Roka (Vaults:2)
  2 caustic shrikes (Depths:4)
  Nikola (Shoals:3)
  13 golden dragons
  4 electric golems
  Jorgrun (Snake:1)
  16 tentacled monstrosities
  6 titans
  3 deep elf blademasters
  5 liches
  27 Orb Guardians
  8 quicksilver dragons
  2 deep elf master archers (Elf:3)
  5 sphinxes
  3 krakens
  A quicksilver dragon (shapeshifter) (Depths:4)
  12 death cobs
  Polyphemus (Shoals:3)
  Frances (D:14)
  18 shadow dragons
  20 storm dragons
  3 draconian monks
  12 tengu reavers
  18 fire giants
  Ilsuiw (Shoals:4)
  5 nagarajas (Snake:4)
  2 draconian scorchers
  2 iron dragons (Depths:4)
  6 deep elf sorcerers (Elf:3)
  6 draconian knights
  13 frost giants
  4 ghost moths
  3 orc warlords
  14 vault wardens
  Aizul (Snake:1)
  5 spriggan defenders
  4 draconian stormcallers
  5 deep elf elementalists
  2 draconian shifters
  2 war gargoyles
  3 draconian annihilators
  16 ironbound preservers
  24 stone giants
  8 deep elf demonologists
  36 very ugly things
  2 vampire knights
  5 black draconians (Zot:5)
  10 green draconians
  3 dire elephants
  11 red draconians
  5 purple draconians
  An entropy weaver (Vaults:4)
  A minotaur (Orc:2)
  An entropy weaver (shapeshifter) (Vaults:5)
  8 deep elf annihilators
  15 yellow draconians
  11 white draconians
  A crystal guardian (Abyss:1)
  6 spark wasps
  An eidolon (Abyss:1)
  6 merfolk javelineers (Shoals:4)
  17 fire dragons
  10 deep elf death magi
  The ghost of Stomo444 the Cardsharp, a journeyman DsGl of Nemelex Xobeh (Orc:2)
  7 jiangshi
  11 merfolk impalers
  6 deep elf high priests
  10 great orbs of eyes
  12 ettins
  18 yaktaur captains
  10 rakshasas
  20 naga warriors
  A hydra (shapeshifter) (Vaults:4)
  8 ironbound thunderhulks
  13 ice dragons
  2 salamander tyrants (Snake:4)
  6 boulder beetles
  2 peacekeepers
  35 vault guards
  15 hydras
  An ogre mage (Vaults:5)
  4 merfolk avatars
  6 merfolk aquamancers
  An alligator snapping turtle (Shoals:3)
  4 catoblepae
  7 ironbound frosthearts
  13 centaur warriors
  5 two-headed ogres
  5 spriggan air magi
  6 anacondas
  11 deep troll shamans
  31 dancing weapons
  A death knight (D:14)
  9 death yaks
  4 vampire magi
  3 satyrs
  9 spriggan berserkers
  4 shock serpents
  18 deep troll earth magi
  2 ironbound beastmasters
  9 orc high priests
  4 tengu warriors
  15 naga sharpshooters
  Urug (D:11)
  3 iron trolls
  A storm dragon zombie (Depths:4)
  9 hell knights
  4 wretched stars (Abyss:4)
  A sun demon (Depths:3)
  A shadow wraith (Vaults:5)
  4 skeletal warriors
  20 deep elf knights
  44 deep trolls
  A fire crab (Lair:5)
  A torturous demonspawn (Depths:3)
  22 sea snakes
  2 sixfirhies
  A swamp dragon (Lair:4)
  5 salamander mystics (Snake:4)
  9 glowing orange brains
  A kraken simulacrum (Shoals:4)
  A swamp dragon (shapeshifter) (Depths:3)
  A flayed ghost (Depths:5)
  32 harpies
  9 naga ritualists
  8 wizards
  13 orc knights
  3 phantasmal warriors (Vaults:5)
  2 lindwurms (Vaults:3)
  16 deep elf archers
  29 deep elf pyromancers
  33 deep elf zephyrmancers
  5 necromancers
  A golden dragon skeleton (Depths:4)
  A tengu skeleton (Depths:4)
  6 mana vipers
  19 ironbound convokers
  38 ugly things
  7 salamanders
  4 orc sorcerers
  8 cyclopes
  11 manticores
  A manticore (shapeshifter) (Vaults:5)
  25 elephants
  A dire elephant zombie (Abyss:3)
  3 ice statues (IceCv)
  13 fauns
  A salamander (shapeshifter) (D:14)
  5 water nymphs
  22 moths of wrath
  38 black mambas
  12 merfolk sirens
  A rust devil (Depths:2)
  13 vault sentinels
  A guardian serpent (Abyss:3)
  2 smoke demons
  15 naga magi
  15 cane toads
  7 large abominations (Abyss:3)
  A hellion (Depths:3)
  An orange demon (Abyss:3)
  An unseen horror (D:10)
  7 komodo dragons
  3 efreet
  13 yaktaurs
  5 rime drakes
  An entropy weaver simulacrum (IceCv)
  5 freezing wraiths
  A yaktaur (shapeshifter) (Vaults:5)
  5 tengu conjurers
  2 ancient zymes (Abyss:3)
  3 hellwings
  A queen bee (Abyss:4)
  6 meliai
  4 polar bears
  10 trolls
  8 wind drakes
  24 merfolk
  5 hornets
  16 dream sheep
  25 blink frogs
  An ettin zombie (Vaults:3)
  40 slime creatures
  A raiju (Abyss:3)
  14 snapping turtles
  A ynoxinul (Abyss:3)
  3 shadows
  A tarantella (Vaults:4)
  60 yaks
  13 water elementals
  4 wyverns
  3 spriggans
  A tarantella (shapeshifter) (Abyss:3)
  2 wraiths
  A steam dragon (D:9)
  3 air elementals
  7 basilisks
  2 fire elementals
  10 humans (D:14)
  A chaos spawn (Depths:3)
  7 golden eyes (Abyss:3)
  5 vampire mosquitoes
  Grum (D:10)
  A neqoxec (Depths:3)
  4 small abominations
  29 nagas
  A harpy simulacrum (IceCv)
  10 wargs
  2 acid dragons (D:8)
  34 orc warriors
  14 water moccasins
  2 floating eyes
  6 black bears
  2 sky beasts
  A swamp drake (D:9)
  An ice beast (D:7)
  2 ogres
  15 wolves
  16 centaurs
  A kobold brigand (D:9)
  2 human zombies (Vaults:3)
  2 gnoll sergeants
  10 bullfrogs
  8 earth elementals
  A wyvern zombie (D:9)
  4 cane toad simulacra (IceCv)
  3 scorpions
  2 water moccasin skeletons
  6 electric eels
  11 wights
  5 howler monkeys
  4 centaur zombies
  A bullfrog zombie (D:6)
  9 starcursed masses (Abyss:3)
  3 hounds
  A quasit (Abyss:3)
  40 orc priests
  12 jellies
  Crazy Yiuf (D:7)
  A centaur skeleton (D:6)
  3 bullfrog skeletons
  3 gnoll shamans
  Jessica (D:2)
  2 iguanas (D:5)
  11 orc wizards
  A wolf simulacrum (IceCv)
  A hound skeleton (D:5)
  25 gnolls
  4 adders
  A shadow imp (D:7)
  A white imp (D:8)
  2 ufetubi
  An adder skeleton (D:4)
  8 worms
  2 dart slugs (D:1)
  98 orcs
  8 ball pythons
  13 endoplasms
  6 giant cockroaches
  17 goblins
  10 hobgoblins
  3 jackals (D:2)
  6 quokkas
  8 bats
  4 frilled lizards
  25 kobolds
  6 rats
  A bush (Shoals:2)
  6 tentacles
2263 creatures vanquished.

Vanquished Creatures (collateral kills)
  Asterion (Depths:1)
  A stone giant (Depths:4)
  A very ugly thing (Abyss:4)
  2 wights (Abyss:4)
5 creatures vanquished.

Vanquished Creatures (others)
  A storm dragon (Zot:1)
  A red draconian (Zot:1)
  An ironbound convoker (Vaults:4)
  A deep elf pyromancer (Elf:1)
  An ugly thing (Vaults:3)
  A moth of wrath (Zot:1)
  2 meliai (Abyss:4)
  An iron dragon simulacrum (Depths:4)
  A water elemental (Shoals:2)
  A fire elemental (Elf:1)
  2 humans (D:14)
  An orc wizard (D:9)
  2 orcs
  5 bushes
  43 fungi
  143 plants
  14 tentacles
221 creatures vanquished.

Grand Total: 2489 creatures vanquished

Notes
Turn   | Place    | Note
-------+----------+-------------------------------------------
     0 | D:1      | Sharkman1231 the Demonspawn Ice Elementalist began the
                  | quest for the Orb.
     0 | D:1      | Reached XP level 1. HP: 13/13 MP: 3/3
   348 | D:1      | Found Cuohamime's Book Shop.
   361 | D:1      | Gained mutation: You have sharp toenails. [demonic
                  | ancestry]
   361 | D:1      | Reached XP level 2. HP: 9/19 MP: 0/5
   802 | D:1      | Found Liekesui's Distillery.
   922 | D:1      | Found Gen Ago's Assorted Antiques.
   976 | D:1      | Bought a smoky white potion for 14 gold pieces
   976 | D:1      | Bought a fizzy red potion for 14 gold pieces
  1420 | D:2      | Reached XP level 3. HP: 23/24 MP: 3/6
  1478 | D:2      | Learned a level 3 spell: Frozen Ramparts
  1711 | D:2      | Noticed Jessica
  1722 | D:2      | Killed Jessica
  1723 | D:2      | Reached XP level 4. HP: 22/30 MP: 1/7
  3328 | D:3      | Found a faded altar of an unknown god.
  3336 | D:3      | Got Plato's Guide on Hexes
  3342 | D:3      | Noticed a centaur
  3348 | D:3      | Killed a centaur
  3349 | D:3      | Reached skill level 5 in Ice Magic
  3349 | D:3      | Gained mutation: Your movements are slightly less
                  | encumbered by armour. (ER -2) [demonic ancestry]
  3349 | D:3      | Reached XP level 5. HP: 27/35 MP: 4/9
  3667 | D:3      | Noticed a black bear
  3676 | D:3      | Killed a black bear
  3677 | D:3      | Gained mutation: You have razor-sharp toenails. [demonic
                  | ancestry]
  3677 | D:3      | Reached XP level 6. HP: 36/41 MP: 0/11
  6116 | D:4      | Found Ugiwuf's Antique Weapon Boutique.
  6545 | D:5      | Entered Level 5 of the Dungeon
  6626 | D:5      | Found a staircase to the Ecumenical Temple.
  6631 | D:5      | Noticed a sky beast
  6635 | Temple   | Entered the Ecumenical Temple
  6730 | Temple   | Became a worshipper of Ashenzari the Shackled
  6782 | D:5      | Killed a sky beast
  6783 | D:5      | Gained mutation: You sometimes gain a little power by
                  | taking damage. [demonic ancestry]
  6783 | D:5      | Reached XP level 7. HP: 23/47 MP: 8/12
  6943 | D:5      | Learned a level 3 spell: Ozocubu's Armour
  7066 | D:5      | Reached skill level 1 in Fighting
  7296 | D:5      | Reached skill level 1 in Polearms
  7445 | D:5      | Identified the +1 pair of gloves of Nered {Slay+3 SInv
                  | Stlth-}
  7676 | D:1      | Bought a scroll labelled BAICSU DYNETO for 16 gold pieces
  7676 | D:1      | Bought a scroll labelled BIZXYIGGIGA for 16 gold pieces
  7676 | D:1      | Bought a scroll labelled ZOPHEGH LOITA for 16 gold pieces
  8210 | D:6      | Reached skill level 2 in Fighting
  8210 | D:6      | Gained mutation: Your demonic aura sometimes causes spilled
                  | blood to erupt in flames. [demonic ancestry]
  8210 | D:6      | Reached XP level 8. HP: 56/56 MP: 14/14
  8448 | D:6      | Found a burning altar of Makhleb.
  8477 | D:6      | Found a basalt altar of Yredelemnul.
  8477 | D:6      | Found a shimmering altar of Xom.
  8478 | D:6      | Found a blossoming altar of Fedhas.
  8482 | D:6      | Found a sparkling altar of Nemelex Xobeh.
  8728 | D:6      | Noticed a deep elf zephyrmancer
  8741 | D:6      | Killed a deep elf zephyrmancer
  8742 | D:6      | Reached skill level 3 in Fighting
  8742 | D:6      | Reached skill level 5 in Dodging
  8742 | D:6      | Reached skill level 5 in Spellcasting
  9077 | D:6      | Reached XP level 9. HP: 63/64 MP: 16/16
  9525 | D:7      | Found a flagged portal.
  9532 | Bailey   | Entered a bailey
  9726 | Bailey   | Reached skill level 4 in Fighting
  9877 | D:7      | Identified a scroll of acquirement
  9946 | D:7      | Reached * piety under Ashenzari
  9949 | D:7      | Found a hide-covered altar of Uskayaw.
  9953 | D:7      | Noticed a two-headed ogre
 10171 | D:7      | Found a runed translucent door.
 10172 | D:7      | Noticed Crazy Yiuf
 10271 | D:7      | Killed a two-headed ogre
 10272 | D:7      | Gained mutation: You sometimes gain power by taking damage.
                  | [demonic ancestry]
 10272 | D:7      | Reached XP level 10. HP: 56/73 MP: 11/19
 10404 | D:7      | Identified the +1 ring mail of the Wild Haggis {rCorr}
 10521 | D:7      | Killed Crazy Yiuf
 10615 | D:8      | Reached skill level 5 in Fighting
 10847 | D:8      | Reached skill level 5 in Polearms
 11555 | D:8      | Reached ** piety under Ashenzari
 12078 | D:9      | Noticed a cyclops
 12104 | D:9      | Killed a cyclops
 12245 | D:9      | Reached skill level 10 in Ice Magic
 12527 | D:9      | Reached skill level 6 in Fighting
 12715 | D:9      | Gained mutation: Your movements are less encumbered by
                  | armour. (ER -4) [demonic ancestry]
 12715 | D:9      | Reached XP level 11. HP: 81/81 MP: 15/21
 12899 | D:9      | Found a staircase to the Lair.
 13460 | D:9      | Found a staircase to the Orcish Mines.
 13780 | D:9      | Noticed a skeletal warrior
 13786 | D:9      | Noticed a purple ugly thing
 13840 | D:8      | Killed a skeletal warrior
 14198 | D:9      | Killed a purple ugly thing
 14394 | D:9      | Noticed a centaur warrior
 14394 | D:9      | Noticed a centaur warrior
 14403 | D:9      | Killed a centaur warrior
 14410 | D:9      | Killed a centaur warrior
 14428 | D:9      | Noticed an ice dragon
 14540 | D:10     | Entered Level 10 of the Dungeon
 14540 | D:10     | Identified the ring "Nyzxe" {Wiz rPois Dex+9 Stlth-}
 14707 | D:10     | Identified the +10 hand axe of Uvoolili {holy, *Noise rElec
                  | rCorr Stlth+}
 14904 | D:10     | Noticed a two-headed ogre
 14912 | D:10     | Reached skill level 7 in Fighting
 14917 | D:10     | Killed a two-headed ogre
 14942 | D:10     | Acquired 735 gold pieces
 15212 | D:1      | Bought a potion of lignification for 42 gold pieces
 15212 | D:1      | Bought a potion of resistance for 140 gold pieces
 15212 | D:1      | Bought a potion of cancellation for 112 gold pieces
 15212 | D:1      | Bought 2 potions of ambrosia for 224 gold pieces
 15300 | D:1      | Bought a book of Ice for 644 gold pieces
 15306 | D:1      | Learned a level 5 spell: Freezing Cloud
 15322 | D:2      | Acquired the ring "Cuchoat" {rC+ rN+ Str+6 SInv}
 15672 | D:10     | Reached skill level 1 in Conjurations
 15843 | D:10     | Noticed Grum
 15850 | D:10     | Reached skill level 1 in Air Magic
 15852 | D:10     | Killed Grum
 16239 | D:11     | Found a frozen archway.
 16346 | IceCv    | Entered an ice cave
 16530 | IceCv    | Noticed a white ugly thing
 16542 | IceCv    | Killed a white ugly thing
 16543 | IceCv    | Reached XP level 12. HP: 44/91 MP: 23/23
 17300 | IceCv    | Learned a level 4 spell: Hailstorm
 17441 | IceCv    | Reached skill level 1 in Evocations
 17880 | D:11     | Reached *** piety under Ashenzari
 18006 | D:11     | Noticed Urug
 18038 | D:11     | Killed Urug
 18739 | D:12     | Noticed a two-headed ogre
 18891 | D:12     | Noticed a four-headed hydra
 18913 | D:12     | Killed a four-headed hydra
 18914 | D:12     | Reached skill level 8 in Fighting
 19273 | D:12     | Noticed a boulder beetle
 19281 | D:12     | Killed a boulder beetle
 19447 | D:12     | Killed a two-headed ogre
 19663 | D:12     | Noticed a seven-headed hydra
 19669 | D:12     | Killed a seven-headed hydra
 20370 | D:12     | Noticed a catoblepas
 20384 | D:12     | Killed a catoblepas
 20572 | D:12     | Reached skill level 5 in Stealth
 20842 | D:13     | Noticed a seven-headed hydra
 20858 | D:13     | Killed a seven-headed hydra
 20859 | D:13     | Reached XP level 13. HP: 82/99 MP: 18/24
 22113 | D:13     | Reached skill level 5 in Conjurations
 22134 | D:13     | Reached skill level 9 in Fighting
 22396 | D:13     | Reached skill level 5 in Evocations
 22399 | D:13     | Reached skill level 5 in Air Magic
 23030 | D:13     | Acquired 516 gold pieces
 23410 | D:14     | Noticed Roxanne
 23644 | D:14     | Noticed Frances
 23653 | D:14     | Killed Frances
 23885 | D:14     | HP: 1/102 [meliai/divine providence (16)]
 24256 | D:14     | Found Houmnakoeng's General Store.
 24310 | D:14     | Bought a scroll of fog for 28 gold pieces
 24310 | D:14     | Bought a potion of heal wounds for 70 gold pieces
 24310 | D:14     | Bought a scroll of acquirement for 728 gold pieces
 24310 | D:14     | Acquired 292 gold pieces
 24362 | D:14     | Identified the ring of Fun {rElec rN+ Str+3 Stlth+}
 24564 | D:14     | Gained mutation: Your movements are significantly less
                  | encumbered by armour. (ER -6) [demonic ancestry]
 24564 | D:14     | Reached XP level 14. HP: 109/109 MP: 15/25
 25127 | D:14     | Reached **** piety under Ashenzari
 25417 | D:14     | Found a gate to the Vaults.
 26265 | D:15     | Entered Level 15 of the Dungeon
 26291 | D:15     | Reached skill level 10 in Polearms
 26940 | D:15     | Found a staircase to the Depths.
 26993 | D:15     | Reached skill level 1 in Armour
 27305 | D:15     | Identified the ring "Renu" {Will+ rCorr Stlth+}
 28406 | Lair:1   | Entered Level 1 of the Lair of Beasts
 28546 | Lair:1   | Identified the +2 pair of boots of Wialij {rF+ rCorr}
 28652 | Lair:1   | Reached skill level 5 in Armour
 28809 | Lair:1   | Found a snail-covered altar of Cheibriados.
 30225 | Lair:2   | Found a staircase to the Shoals.
 31053 | Lair:3   | Found a blossoming altar of Fedhas.
 31408 | Lair:3   | Gained mutation: You are robust. (+10% HP) [demonic
                  | ancestry]
 31408 | Lair:3   | Reached XP level 15. HP: 100/134 MP: 29/29
 32808 | Lair:4   | Found a staircase to the Snake Pit.
 32875 | Lair:4   | Noticed Nessos
 32877 | Lair:4   | Noticed Nessos
 32877 | Lair:4   | Nessos changed into Nessos the death drake
 32880 | Lair:4   | Noticed Nessos
 32880 | Lair:4   | Nessos the death drake changed into Nessos the swamp dragon
 32886 | Lair:4   | Killed Nessos the swamp dragon
 33251 | Snake:1  | Entered Level 1 of the Snake Pit
 33291 | Lair:5   | Reached ***** piety under Ashenzari
 33402 | Lair:5   | Reached skill level 10 in Armour
 33413 | Lair:5   | Found a staircase to the Slime Pits.
 33812 | Lair:6   | Entered Level 6 of the Lair of Beasts
 33936 | Lair:6   | Reached skill level 1 in Shields
 34228 | Lair:6   | Noticed Sonja
 34229 | Lair:6   | Noticed Sonja
 34229 | Lair:6   | Sonja changed into Sonja the water moccasin
 34234 | Lair:6   | Killed Sonja the water moccasin
 34351 | Lair:6   | Identified the +7 morningstar "Hunneykh" {vorpal, Str+3}
 34381 | Lair:6   | Reached skill level 5 in Shields
 34940 | Snake:1  | Reached XP level 16. HP: 96/147 MP: 7/32
 35778 | Snake:1  | Noticed Jorgrun
 35988 | Snake:1  | Killed Jorgrun
 36139 | Snake:1  | Noticed Aizul
 36151 | Snake:1  | Killed Aizul
 36468 | Snake:2  | Reached skill level 10 in Stealth
 37299 | Snake:3  | Found Ziemenk's Antique Weapon Shoppe.
 37337 | Snake:3  | Found Unnaf's Magic Scroll Boutique.
 37407 | Snake:3  | Found Cuinemm's Assorted Antiques.
 37412 | Snake:3  | Found Luun Dui's General Store.
 37426 | Snake:3  | Bought a scroll of enchant armour for 120 gold pieces
 37426 | Snake:3  | Bought a scroll of enchant armour for 120 gold pieces
 37426 | Snake:3  | Bought 3 scrolls of fear for 168 gold pieces
 37426 | Snake:3  | Bought a scroll of fear for 56 gold pieces
 37426 | Snake:3  | Bought a scroll of fear for 56 gold pieces
 37433 | Snake:3  | Bought a scroll of teleportation for 51 gold pieces
 37433 | Snake:3  | Bought a scroll of teleportation for 51 gold pieces
 37433 | Snake:3  | Bought a scroll of blinking for 127 gold pieces
 37433 | Snake:3  | Bought a phantom mirror for 680 gold pieces
 37438 | Snake:3  | Bought a scroll of magic mapping for 122 gold pieces
 37438 | Snake:3  | Bought a potion of curing for 105 gold pieces
 38517 | Snake:4  | Entered Level 4 of the Snake Pit
 38800 | Snake:4  | Found a transporter.
 38808 | Snake:4  | Found a transporter.
 38811 | Snake:4  | Noticed 2bobheroes's ghost (adept TrFi)
 38811 | Snake:4  | Identified the ring "Maonampa" {rElec rPois rN+ Dex+6}
 38881 | Snake:4  | Reached skill level 10 in Fighting
 39166 | Snake:4  | Gained mutation: You are powered by pain. [demonic
                  | ancestry]
 39166 | Snake:4  | Reached XP level 17. HP: 160/160 MP: 34/34
 39351 | Snake:4  | Reached skill level 11 in Fighting
 39795 | Snake:4  | Identified the +3 scale mail of Suarokut {*Corrode rF+
                  | MP+9}
 39854 | Snake:4  | Reached skill level 12 in Fighting
 40170 | Snake:4  | Reached skill level 13 in Fighting
 40386 | Snake:4  | Got a serpentine rune of Zot
 40727 | Shoals:1 | Entered Level 1 of the Shoals
 40954 | Shoals:1 | Noticed a kraken
 40996 | Shoals:1 | Reached skill level 14 in Fighting
 41572 | Shoals:1 | Killed a kraken
 42141 | Shoals:2 | Learned a level 4 spell: Passage of Golubria
 42147 | Shoals:2 | Learned a level 5 spell: Borgnjor's Vile Clutch
 42234 | Shoals:2 | Noticed a kraken
 42259 | Shoals:2 | Killed a kraken
 42260 | Shoals:2 | Reached skill level 1 in Necromancy
 42342 | Shoals:2 | Reached skill level 1 in Earth Magic
 42431 | Shoals:2 | Reached skill level 1 in Translocations
 42472 | Shoals:2 | Found a sparkling altar of Nemelex Xobeh.
 42611 | Shoals:2 | Reached XP level 18. HP: 180/180 MP: 35/35
 42945 | Shoals:2 | Identified the +1 animal skin of the First Snow {Rampage
                  | rN+ MP+9 Str+4}
 43065 | Shoals:3 | Found a flickering gateway to a bazaar.
 43108 | Bazaar   | Entered a bazaar
 43323 | Bazaar   | Found Dah Irug's Antique Weapon Emporium.
 43334 | Bazaar   | Found Wadwotar's Antique Weapon Shoppe.
 43349 | Bazaar   | Found Paakip's Antique Armour Emporium.
 43368 | Bazaar   | Found Uhenlios's Antique Armour Shoppe.
 43373 | Bazaar   | Bought a shiny buckler for 210 gold pieces
 43489 | Shoals:3 | Noticed Mara
 43520 | Shoals:3 | Killed Mara
 43521 | Shoals:3 | Reached skill level 5 in Necromancy
 43670 | Shoals:3 | Noticed Polyphemus
 43697 | Shoals:3 | Killed Polyphemus
 43719 | Shoals:3 | Noticed Nikola
 43737 | Shoals:3 | Killed Nikola
 44077 | Shoals:3 | Reached skill level 5 in Translocations
 44077 | Shoals:3 | Reached skill level 5 in Earth Magic
 44404 | Shoals:4 | Entered Level 4 of the Shoals
 45073 | Shoals:4 | Noticed Ilsuiw
 45085 | Shoals:4 | Reached skill level 15 in Fighting
 45106 | Shoals:4 | Killed Ilsuiw
 45711 | Shoals:4 | Identified the Papyrus of the Sugar Beet
 45742 | Shoals:4 | Reached XP level 19. HP: 160/188 MP: 15/36
 45753 | Shoals:4 | Got a barnacled rune of Zot
 46308 | Orc:1    | Entered Level 1 of the Orcish Mines
 46700 | Orc:2    | Entered Level 2 of the Orcish Mines
 46728 | Orc:2    | Found an iron altar of Okawaru.
 46728 | Orc:2    | Noticed Stomo444's ghost (journeyman DsGl)
 46860 | Orc:2    | Found Wusohal's General Store.
 46893 | Orc:2    | Found Qanes's Weapon Shop.
 46999 | Orc:2    | Found a staircase to the Elven Halls.
 47093 | Orc:2    | Found Boublele's Assorted Antiques.
 47269 | Orc:2    | Found Iwnaos's General Store.
 47298 | Orc:2    | Bought a potion of magic for 256 gold pieces
 47298 | Orc:2    | Bought a potion of curing for 96 gold pieces
 47359 | Orc:2    | Bought a scroll of fear for 49 gold pieces
 47359 | Orc:2    | Bought a scroll of magic mapping for 49 gold pieces
 47359 | Orc:2    | Bought a potion of curing for 42 gold pieces
 47359 | Orc:2    | Bought 2 scrolls of enchant armour for 210 gold pieces
 47410 | Orc:2    | Bought a scroll of teleportation for 45 gold pieces
 47410 | Orc:2    | Bought a scroll of summoning for 142 gold pieces
 47436 | Orc:2    | Found a runed translucent gate.
 47436 | Orc:2    | Found a runed translucent gate.
 47437 | Orc:2    | Found a runed translucent gate.
 47668 | Orc:2    | Killed Stomo444's ghost
 47892 | Elf:1    | Entered Level 1 of the Elven Halls
 48304 | Elf:1    | Reached skill level 10 in Dodging
 48441 | Elf:1    | Reached skill level 16 in Fighting
 48512 | Elf:1    | Found a magical portal.
 49782 | Elf:2    | Learned a level 5 spell: Silence
 49840 | Elf:2    | Found a runed translucent gate.
 49840 | Elf:2    | Found a runed translucent gate.
 49842 | Elf:2    | Found a runed translucent gate.
 50472 | Elf:2    | Found Qeyl's Assorted Antiques.
 50473 | Elf:2    | Found Lyerabb's Jewellery Shoppe.
 50474 | Elf:2    | Found Naetz's Weapon Shoppe.
 50475 | Elf:2    | Found Cileicug's Antique Weapon Shoppe.
 50500 | Elf:2    | Bought a pair of glowing gloves for 337 gold pieces
 50527 | Elf:2    | Reached skill level 17 in Fighting
 50618 | Elf:2    | Found Daompiel's Book Boutique.
 50924 | Elf:2    | Gained mutation: You are very robust. (+20% HP) [demonic
                  | ancestry]
 50924 | Elf:2    | Reached XP level 20. HP: 193/220 MP: 37/37
 51302 | Elf:3    | Entered Level 3 of the Elven Halls
 52032 | Elf:3    | Identified the +2 spear of the Battered Beggars {holy,
                  | Will+}
 52049 | Elf:3    | Identified the amulet of Bess {Acrobat rElec}
 52354 | Elf:3    | Identified the +1 robe of Instinct {Harm rPois rF- SInv
                  | Archmagi}
 52855 | Elf:3    | Reached skill level 18 in Fighting
 53121 | Elf:3    | Cast into level 3 of the Abyss (a deep elf sorcerer)
 53409 | Abyss:3  | Paralysed by accursed screaming for 1 turns
 53419 | Abyss:3  | Found a shadowy altar of Dithmenos.
 53778 | Abyss:4  | Got an abyssal rune of Zot
 53831 | Abyss:4  | Noticed a bone dragon
 53872 | Elf:3    | Escaped the Abyss
 53887 | Elf:3    | Reached skill level 1 in Hexes
 54228 | Elf:3    | Identified the +2 pair of boots "Cacob" {Harm *Slow rPois
                  | Str+3}
 54228 | Elf:3    | Identified the Reference Book on Dark Shape Shifting
 54251 | Elf:3    | Identified the Handbook of the Quantum Glacier
 54326 | Elf:3    | Identified the +15 storm dragon scales of the Heavens
                  | {-Tele rElec rN+++ Will- Int+5}
 54781 | Vaults:1 | Entered Level 1 of the Vaults
 54957 | Vaults:1 | Reached XP level 21. HP: 178/232 MP: 22/38
 55551 | Vaults:1 | Reached skill level 5 in Hexes
 56471 | Vaults:2 | Noticed Saint Roka
 56485 | Vaults:2 | Killed Saint Roka
 57203 | Vaults:2 | Reached skill level 15 in Dodging
 57522 | Vaults:2 | Found a staircase to the Crypt.
 59631 | Vaults:3 | Identified the Handbook of Mutagenic Creation
 60216 | Vaults:4 | Gained mutation: You have claws for feet. [demonic
                  | ancestry]
 60216 | Vaults:4 | Reached XP level 22. HP: 216/237 MP: 35/38
 61314 | Vaults:4 | Reached skill level 15 in Polearms
 61909 | Vaults:5 | Entered Level 5 of the Vaults
 62422 | Vaults:5 | Noticed an ancient lich
 63180 | Vaults:5 | Identified the +7 chain mail of Hurofirr {rN++ rCorr MP-9
                  | Stlth+}
 63245 | Vaults:5 | Found Puevamaz's Magic Scroll Emporium.
 63246 | Vaults:5 | Noticed a dread lich
 63268 | Vaults:5 | Found Nousku's Distillery.
 63268 | Vaults:5 | Noticed a dread lich
 63293 | Vaults:5 | Identified the amulet of Enwuguje {Spirit Fly Str+3 Slay-5}
 63332 | Vaults:5 | Killed a dread lich
 63343 | Vaults:5 | Gained mutation: Your demonic aura often causes spilled
                  | blood to erupt in flames. [demonic ancestry]
 63343 | Vaults:5 | Reached XP level 23. HP: 126/246 MP: 39/39
 63381 | Vaults:5 | Found Istruf's Distillery.
 63386 | Vaults:5 | Bought a scroll of silence for 90 gold pieces
 63386 | Vaults:5 | Bought a scroll of fear for 42 gold pieces
 63386 | Vaults:5 | Bought a scroll of fog for 24 gold pieces
 63386 | Vaults:5 | Bought a scroll of immolation for 42 gold pieces
 63633 | Vaults:5 | Bought 2 potions of mutation for 240 gold pieces
 63633 | Vaults:5 | Bought a potion of heal wounds for 75 gold pieces
 63633 | Vaults:5 | Bought a potion of heal wounds for 75 gold pieces
 63633 | Vaults:5 | Bought a potion of resistance for 150 gold pieces
 63633 | Vaults:5 | Bought a potion of curing for 45 gold pieces
 63633 | Vaults:5 | Bought a potion of ambrosia for 120 gold pieces
 63929 | Vaults:5 | Bought a potion of heal wounds for 75 gold pieces
 63929 | Vaults:5 | Bought a potion of heal wounds for 75 gold pieces
 63929 | Vaults:5 | Bought a potion of mutation for 120 gold pieces
 63929 | Vaults:5 | Bought a potion of curing for 45 gold pieces
 63929 | Vaults:5 | Bought a potion of cancellation for 120 gold pieces
 63929 | Vaults:5 | Bought a potion of resistance for 150 gold pieces
 64234 | Vaults:5 | Killed an ancient lich
 64417 | Vaults:5 | Got a silver rune of Zot
 64497 | Vaults:4 | Killed a dread lich
 64610 | Vaults:5 | Noticed a dread lich
 64622 | Vaults:5 | Killed a dread lich
 65179 | Vaults:5 | Reached skill level 19 in Fighting
 65210 | Vaults:5 | Identified the +6 hunting sling "Apybog" {freeze, Str+3}
 65220 | Vaults:5 | Identified the +10 chain mail of the Robin {+Inv rC+}
 65228 | Vaults:5 | Identified the +4 morningstar of Butchery {freeze, Int+2
                  | Dex+7 Stlth-}
 65322 | Vaults:5 | Identified the ring "Nawomeff" {AC+4 Str+6}
 65992 | Depths:1 | Entered Level 1 of the Depths
 66101 | Depths:1 | Found a one-way gate to the infinite horrors of the Abyss.
 66693 | Depths:1 | Found a gateway to a ziggurat.
 67000 | Depths:1 | Noticed Asterion
 67001 | Depths:1 | Identified Sif Muna's Almanac of Intoxication
 67013 | Depths:1 | Paralysed by a great orb of eyes for 5 turns
 67023 | Depths:1 | Killed Asterion
 67031 | Depths:1 | Identified Sif Muna's Papyrus of Black Rites
 67323 | Depths:1 | Identified Sif Muna's Guide on the Voyage
 67328 | Depths:1 | Found a shimmering blue altar of Sif Muna.
 67490 | Depths:1 | Learned a level 1 spell: Apportation
 67739 | Depths:1 | Found a gateway to Hell.
 67804 | Depths:2 | Reached XP level 24. HP: 259/259 MP: 39/39
 67991 | Depths:2 | Found Hoast's Weapon Shoppe.
 68071 | Depths:2 | Reached skill level 20 in Fighting
 68158 | Depths:2 | Paralysed by a floating eye for 3 turns
 68222 | Depths:2 | Found Noacs's Assorted Antiques.
 68226 | Depths:2 | Bought a glowing moonstone ring for 110 gold pieces
 68227 | Depths:2 | Bought a potion of haste for 220 gold pieces
 68227 | Depths:2 | Bought a scroll of immolation for 77 gold pieces
 68266 | Depths:2 | Found Tubicloef's Book Boutique.
 68278 | Depths:2 | Found Pako's Antique Armour Emporium.
 68285 | Depths:2 | Bought a slimy kite shield for 408 gold pieces
 68285 | Depths:2 | Identified the +0 kite shield of Gurenge {Str+4} (You
                  | bought it in a shop on level 2 of the Depths)
 69157 | Depths:3 | Reached skill level 21 in Fighting
 69176 | Depths:3 | Found a stormy altar of Qazlal.
 69786 | Depths:3 | Found a one-way gate leading to the halls of Pandemonium.
 69859 | Depths:3 | Identified the +5 arbalest of Welfare {vorpal, rElec rF-
                  | Str+4 Dex+2}
 70883 | Depths:4 | Noticed Frederick
 70904 | Depths:5 | Entered Level 5 of the Depths
 70981 | Depths:5 | Identified the +7 glaive of Sulphur {freeze, rPois rC+ rN+}
 71745 | Depths:5 | Found a gate to the Realm of Zot.
 71792 | Depths:5 | Reached skill level 15 in Stealth
 72047 | Depths:5 | Reached XP level 25. HP: 225/272 MP: 37/39
 72575 | Depths:4 | Found Tachosh's Book Shop.
 72577 | Depths:4 | Found Bioc's Jewellery Shoppe.
 72578 | Depths:4 | Found Nydwiada's Book Shop.
 72700 | Depths:4 | Noticed a juggernaut
 73228 | Depths:4 | Killed a juggernaut
 73245 | Depths:4 | Noticed a juggernaut
 73266 | Depths:4 | Killed a juggernaut
 73272 | Depths:4 | Killed Frederick
 73298 | Depths:4 | Noticed a juggernaut
 73585 | Depths:4 | Noticed a juggernaut
 73806 | Depths:4 | Killed a juggernaut
 74141 | Depths:4 | Killed a juggernaut
 74883 | Depths:4 | Gained mutation: You are extremely robust. (+30% HP)
                  | [demonic ancestry]
 74883 | Depths:4 | Reached XP level 26. HP: 188/305 MP: 38/39
 75156 | Depths:4 | Identified the +9 quarterstaff of Springtime {vamp, rPois}
 75156 | Depths:4 | Identified the ring of Keonenes {rPois rN+++ Will+ Dex-5
                  | Slay-4}
 75542 | Zot:1    | Entered Level 1 of the Realm of Zot
 75910 | Depths:4 | Voluntarily entered the Abyss.
 75932 | Abyss:1  | Identified the +4 pair of gloves of the Boiling Point
                  | {rElec rC+ Int+3}
 75942 | Abyss:1  | Noticed an ancient lich
 75962 | Abyss:1  | Killed an ancient lich
 75988 | Depths:4 | Escaped the Abyss
 76289 | Zot:1    | Noticed an orb of fire
 76304 | Zot:1    | Gained mutation: Armour fits poorly on your strangely
                  | shaped body. [an orb of fire]
 76319 | Zot:1    | Killed an orb of fire
 77961 | Zot:2    | Reached skill level 10 in Hexes
 78431 | Zot:3    | Gained mutation: Your demonic aura causes all spilled blood
                  | to erupt in flames. [demonic ancestry]
 78431 | Zot:3    | Reached XP level 27. HP: 310/312 MP: 39/39
 79010 | Zot:3    | Reached skill level 10 in Air Magic
 80964 | Zot:5    | Entered Level 5 of the Realm of Zot
 81158 | Zot:5    | Reached skill level 22 in Fighting
 81613 | Zot:5    | Acquired 933 gold pieces
 82030 | Zot:5    | Learned a level 2 spell: Passwall
 82474 | Zot:5    | Noticed a dread lich
 82516 | Zot:5    | Noticed an orb of fire
 82534 | Zot:5    | Killed an orb of fire
 82549 | Zot:5    | Killed a dread lich
 82567 | Zot:5    | Noticed an ancient lich
 82587 | Zot:5    | Noticed an orb of fire
 82594 | Zot:5    | Killed an ancient lich
 82597 | Zot:5    | Noticed an orb of fire
 82603 | Zot:5    | Gained mutation: You occasionally shout uncontrollably at
                  | your foes. [an orb of fire]
 82610 | Zot:5    | Noticed a dread lich
 82613 | Zot:5    | Noticed an orb of fire
 82614 | Zot:5    | Noticed a dread lich
 82998 | Zot:5    | Gained mutation: You passively map a small area around you.
                  | [an orb of fire]
 83011 | Zot:5    | Killed an orb of fire
 83041 | Zot:5    | Killed a dread lich
 83101 | Zot:5    | Gained mutation: You tend to lose your temper in combat.
                  | [an orb of fire]
 83124 | Zot:5    | Gained mutation: You are occasionally teleported next to
                  | monsters. [an orb of fire]
 83133 | Zot:5    | Killed an orb of fire
 83153 | Zot:5    | Reached skill level 15 in Armour
 83206 | Zot:5    | Lost mutation: You tend to lose your temper in combat.
                  | [potion of mutation]
 83206 | Zot:5    | Gained mutation: You evolve. [potion of mutation]
 83206 | Zot:5    | Lost mutation: You occasionally shout uncontrollably at
                  | your foes. [potion of mutation]
 83206 | Zot:5    | Gained mutation: You expend magic power (3 MP) to
                  | strengthen your wands. [potion of mutation]
 83207 | Zot:5    | Lost mutation: You evolve. [potion of mutation]
 83207 | Zot:5    | Lost mutation: Armour fits poorly on your strangely shaped
                  | body. [potion of mutation]
 83207 | Zot:5    | Gained mutation: Your system is resistant to poisons.
                  | (rPois) [potion of mutation]
 83207 | Zot:5    | Gained mutation: You are weak. (Str -2) [potion of
                  | mutation]
 83208 | Zot:5    | Lost mutation: You are weak. (Str -2) [potion of mutation]
 83208 | Zot:5    | Lost mutation: Your system is resistant to poisons. (rPois)
                  | [potion of mutation]
 83208 | Zot:5    | Gained mutation: Your spells are a little harder to cast,
                  | but a little more powerful. [potion of mutation]
 84118 | Elf:2    | Bought a potion of might for 180 gold pieces
 84118 | Elf:2    | Bought a potion of might for 180 gold pieces
 84118 | Elf:2    | Bought a scroll of blinking for 337 gold pieces
 84118 | Elf:2    | Bought a small iron ring for 225 gold pieces
 84146 | Elf:2    | Bought a manual of Armour for 1040 gold pieces
 84606 | Zot:4    | Killed a dread lich
 85234 | Zot:5    | Got the Orb of Zot
 85279 | Zot:3    | Noticed Beuptur the pandemonium lord
 85407 | Depths:3 | Noticed Fuwal the pandemonium lord
 85445 | Depths:2 | Noticed a seraph
 85751 | D:2      | Noticed a seraph
 85784 | D:1      | Lost mutation: You passively map a small area around you.
                  | [potion of mutation]
 85784 | D:1      | Gained mutation: Armour fits poorly on your strangely
                  | shaped body. [potion of mutation]
 85784 | D:1      | Gained mutation: Your muscles are strong. (Str +2) [potion
                  | of mutation]
 85784 | D:1      | Gained mutation: You sometimes lose the ability to read
                  | scrolls when taking damage. [potion of mutation]
 85787 | D:$      | Escaped with the Orb!

Illustrated notes

Levels and vault maps discovered:
D:1:      dpeg_arrival_pond, layout_basic, serial_shops, shop, shop, shop,
          solitary_fountain, minmay_stone_trees_medium, minmay_misc_feat_cross,
          minmay_pentomino_r2
D:2:      layout_loops_ring, minmay_misc_feat_roman, uniq_jessica
D:3:      minmay_inner_zag, layout_basic, shapermc_ecumenical_altar_rom_forum,
          hangedman_abyss_or_decor_stabs, minmay_misc_feat_rows
D:4:      layout_layer_cave, serial_shops, shop_fountains
D:5:      layout_basic, minmay_temple_entry_statues_pillars
D:6:      layout_loops_ring, minitemple, chequers_serial_rivers_small_b,
          guppyfry_early_elven_hall
D:7:      layout_rooms, nicolae_uskayaw_suspiria, enter_bailey_3,
          uniq_crazy_yiuf_cottage
D:8:      layout_rooms
D:9:      minmay_sliced_demisemicircle, layout_cave_pools, erik_lair_island,
          erik_orc_1, serial_column_ruins, column_ruins_grid_4,
          column_ruins_corridor_straight, column_ruins_grid_4,
          column_ruins_open_small, minmay_curled_crystal, minmay_misc_feat_chi
D:10:     layout_loops_cross, uniq_grum
D:11:     layout_irregular_city, portal_ice_cave_rime, minmay_statues_item,
          uniq_urug
D:12:     layout_loops_ring, hangedman_cracks_in_the_wall
D:13:     four-leaf_vault, layout_long_grid, hangedman_decor_diamond_cutter
D:14:     layout_irregular_city, ximxim_vaults_locker_room, serial_shops,
          nicolae_shop_stone, minmay_crystal_room, uniq_frances, uniq_roxanne
D:15:     hangedman_depths_entry_try_elsewhere_first, layout_stronghold
Temple:   regret_index_temple_waves
Lair:1:   layout_roguey, basic_altar
Lair:2:   layout_layer_cave, minmay_shoals_entry_hut,
          chequers_serial_rivers_room_b, grunt_megastairs_3, lemuel_fruit_fields
Lair:3:   layout_cellular_growth, basic_altar, minmay_stone_trees_small,
          grunt_forest_stairs_clearing
Lair:4:   layout_hall_layers, minmay_snake_entry_six_corridors,
          lemuel_fruit_tree, uniq_nessos
Lair:5:   layout_roguey, minmay_slime_entry_jelly_boxes
Lair:6:   grunt_lair_end_beastmaster, layout_loops_ring, minivault_11,
          uniq_sonja
Shoals:1: layout_shoals
Shoals:2: argonaut_golden_fleece, layout_shoals, lemuel_centaur_altar
Shoals:3: layout_shoals, serial_shops, bzr_entry_safe, uniq_mara,
          uniq_polyphemus, uniq_nikola
Shoals:4: shoals_end_grunt_ice, layout_shoals, shoal_ilsuiw
Snake:1:  layout_chambers, grunt_megastairs_1, uniq_jorgrun, uniq_aizul
Snake:2:  layout_rooms
Snake:3:  layout_onion_interference, serial_shops, nicolae_shop_behind_doors,
          nicolae_snake_serpentine_bazaar
Snake:4:  snake_pit, layout_misc_corridors, gammafunk_ghost_berserking_beasts,
          serial_bayou_lagoon_b
Orc:1:    layout_caves, basic_altar
Orc:2:    st_orc_town, layout_caves, gammafunk_ghost_fury_of_okawaru
Elf:1:    minmay_elf_arrival_summoners, layout_geoelf_diagonals,
          infiniplex_enter_wizlab_glasses, evilmike_minifort
Elf:2:    nicolae_elf_blades_splatter_lattice
          [nicolae_blade_entry_sentries_behind_glass], layout_geoelf_diagonals,
          serial_shops, nicolae_square_shop, minmay_shop_grid_forest,
          nicolae_wwwww
Elf:3:    elf_hall, layout_geoelf_castle
Vaults:1: vaults_standard_mumra_enter_the_diamond, serial_ice_b,
          hangedman_vaults_restitches, nicolae_vaults_little_squares_6,
          v_misc_16, nicolae_vaults_diagonal_hallway_8,
          hangedman_vaults_corner_blocks, nicolae_vaults_three_branches,
          vaults_room_large_hall, vaults_mumra_hex, hangedman_vaults_impose,
          grunt_vaults_focal, layout_vaults_maze_snakey
Vaults:2: grunt_vaults_funnel, ontoclasm_vaults_ring_large,
          nicolae_vaults_ring_of_whatevers, v_misc_19, v_misc_17,
          vaults_room_pool, vaults_room_hallway, nicolae_vaults_alarming,
          vaults_room_grunt_arrival_ludios, layout_vaults_chaotic_city,
          minmay_crypt_entry_nasty_monster, uniq_saint_roka
Vaults:3: hangedman_vaults_impose, vaults_mumra_bighexcomb,
          ontoclasm_vaults_ring_small, hangedman_vaults_slice, v_misc_22,
          v_rooms_3, vaults_room_fours, layout_vaults_omnigrid
Vaults:4: v_misc_33, vaults_mumra_minichess_inversion, v_misc_33,
          vaults_dpeg_hooks, v_rooms_2, grunt_vaults_swirl, v_misc_26,
          v_misc_19, ontoclasm_vaults_hangar, ontoclasm_vaults_loading_screen,
          vaults_room_semicircle, vaults_dpeg_diagonal, ontoclasm_vaults_idyll,
          layout_vaults_ring
Vaults:5: serial_shops
Depths:1: layout_gridlike, enter_ziggurat_d, pf_coc_iceberg, abyss_entry,
          wad_floor_pattern_untrapped, nicolae_sif_muna_little_library,
          uniq_asterion
Depths:2: kennysheep_room_grid, layout_gridlike, grunt_metal_band,
          chequers_serial_rivers_small_b, serial_shops, shop, shop,
          nicolae_square_shop, nicolae_shop_statue_plus, minmay_shattered_shrine
Depths:3: minmay_triangles_in_corner, layout_honeycomb, rand_demon_pan_entry_3,
          hell_entry, nicolae_qazlal_general_emergency, st_stairs_7,
          serial_bayou_ford_a, serial_bayou_shore_a,
          infiniplex_staircase_door_maze
Depths:4: minmay_octagon_city, layout_cave_pools, minmay_misc_feat_hallway,
          abyss_entry, hell_entry, serial_bayou_shore_b, minmay_shop_grove,
          uniq_frederick
Depths:5: grunt_zot_entry_funnels, layout_gridville, hell_entry,
          serial_sigils_hangedman_gnaw
Zot:1:    layout_onion_interference
Zot:2:    layout_twisted_circle, st_stairs_1
Zot:3:    layout_gridlike
Zot:4:    layout_cathedral_of_symmetry, zot_minivault_1
Zot:5:    layout_gridlike, st_stairs_1

Skill      XL: |  1  2  3  4  5  6  7  8  9 10 11 12 13 14 15 16 17 18 19 20 21 22 23 24 25 26 27 |
---------------+----------------------------------------------------------------------------------+-----
Dodging        | 2 3 4 5 6 7 8 11 14 15 17 18 | 18.8
Ice Magic      | 4 5 6 7 9 10 11 | 11.1
Spellcasting   | 3 4 5 6 7 |  7.7
Fighting       | 2 3 4 6 7 8 9 10 14 15 17 18 19 21 22 | 22.3
Polearms       | 1 3 4 5 6 7 9 10 13 16 17 | 17.1
Stealth        | 2 5 7 11 15 19 21 | 21.9
Conjurations   | 1 4 6 7 8 |  8.4
Air Magic      | 1 4 6 9 10 | 10.2
Evocations     | 4 5 8 |  8.2
Armour         | 8 11 19 | 19.4
Shields        | 7 9 |  9.5
Necromancy     | 2 7 |  7.2
Earth Magic    | 1 6 |  6.0
Translocations | 1 6 7 |  7.0
Hexes          | 3 6 10 11 | 11.0

Action                   |  1- 3 |  4- 6 |  7- 9 | 10-12 | 13-15 | 16-18 | 19-21 | 22-24 | 25-27 || total
-------------------------+-------+-------+-------+-------+-------+-------+-------+-------+-------++-------
Melee: Unarmed           |    17 |    44 |       |       |       |       |       |       |       ||    61
       Kick              |     4 |    14 |    12 |       |       |       |       |   510 |   935 ||  1475
       Trident           |       |    16 |   251 |   756 |   263 |       |       |       |       ||  1286
       Demon trident     |       |       |       |       |   533 |  1176 |  1526 |  1361 |  1988 ||  6584
 Cast: Freeze            |    57 |   114 |       |     4 |       |       |       |       |       ||   175
       Frozen Ramparts   |       |     6 |    12 |    30 |    17 |    12 |     8 |     3 |       ||    88
       Ozocubu's Armour  |       |       |    12 |    30 |    23 |    17 |    11 |     2 |       ||    95
       Hailstorm         |       |       |       |    10 |     3 |       |       |       |       ||    13
       Freezing Cloud    |       |       |       |     7 |    48 |    52 |    48 |    15 |     7 ||   177
       Borgnjor's Vile C |       |       |       |       |       |     4 |     1 |       |       ||     5
       Silence           |       |       |       |       |       |       |     3 |    13 |     7 ||    23
       Passage of Golubr |       |       |       |       |       |       |       |     1 |       ||     1
Invok: Curse Item        |       |       |     2 |     3 |     5 |     1 |       |     1 |     2 ||    14
       Shatter the Chain |       |       |       |       |     2 |       |       |     2 |     1 ||     5
Evoke: Box of beasts     |       |       |     1 |     1 |       |       |       |       |       ||     2
       Wand              |       |       |       |    13 |     4 |     4 |    18 |     4 |    15 ||    58
       Phial of floods   |       |       |       |       |       |       |       |       |     1 ||     1
  Use: Potion            |       |     3 |       |     4 |     1 |     1 |     9 |     5 |    28 ||    51
       Scroll            |       |       |     1 |     7 |     5 |     2 |     2 |    17 |    15 ||    49
 Stab: Sleeping          |       |     2 |       |     5 |    27 |    18 |    52 |    20 |    25 ||   149
       Distracted        |       |       |       |       |     6 |     5 |     5 |    19 |    17 ||    52
Armor: Robe              |     8 |       |       |       |       |       |       |       |       ||     8
       Ring mail         |     1 |    43 |    93 |   179 |   190 |   199 |   217 |    80 |       ||  1002
       Fire dragon scale |       |       |       |       |       |       |       |   102 |   422 ||   524
Dodge: Dodged            |    41 |   103 |   191 |   529 |   441 |   548 |   622 |   567 |  1173 ||  4215
Block: Buckler           |       |       |       |    74 |   150 |   353 |   314 |   119 |       ||  1010
       Kite shield       |       |       |       |       |       |       |       |   298 |   925 ||  1223
